 Dungeon Crawl Stone Soup version 0.30-a0-1160-g6e42c06551 (webtiles) character file.

Game seed: 12556601248783193252

130119 Kenran the Minotaur Blade (level 16, -13/157 HPs)
             Began as a Minotaur Monk on Apr 26, 2023.
             Was a Priest of Ashenzari.
             Killed from afar by a nagaraja (40 damage)
             ... with a poison arrow
             ... on level 2 of the Snake Pit.
             The game lasted 01:00:07 (31863 turns).

Kenran the Minotaur Blade (Minotaur Monk)          Turns: 31863, Time: 01:00:08

Health: -13/157    AC: 26    Str: 18    XL:     16   Next: 52%
Magic:  1/15       EV: 24    Int:  9    God:    Ashenzari [***...]
Gold:   512        SH:  0    Dex: 19    Spells: 13/15 levels left

rFire   . . .        J - +11 plutonium sword {Contam Stlth-}
rCold   + . .        (shield currently unavailable)
rNeg    + . .        T - +7 scale mail "Manifest Augurer" {Int+2, Evo, Fort} (curse)
rPois   x            (helmet restricted)
rElec   .            L - +2 cloak "Chained With Me" {rCorr, Evo, Self} (curse)
rCorr   +            F - +2 pair of gloves "Shackled With Me" {infuse, Evo, Comp} (curse)
SInv    +            r - +0 pair of boots of Ashenzari's Urgency {Comp, Fort} (curse)
Will    +....        (no amulet) Stlth
                     H - ring of positive energy
HPRegen 0.46/turn    K - ring of Apeoromancy {rC+ EV+5, Evo, Fort} (curse)
MPRegen 0.14/turn

%: clarity, infuse magic (1 MP)
@: lethally poisoned (-13 -> -37), poison vulnerable, slowed, very slow
A: horns 2, retaliatory headbutt
a: Renounce Religion, Shatter the Chains


You were on level 2 of the Snake Pit.
You worshipped Ashenzari.
Ashenzari was most pleased with you.
You visited 4 branches of the dungeon, and saw 24 of its levels.
You also visited: Bailey and Volcano.

You collected 2663 gold pieces.
You spent 2151 gold pieces at shops.

Inventory:

Hand Weapons
 J - the +11 plutonium sword (weapon) {Contam Stlth-}
   (You found it on level 14 of the Dungeon)

   Contam:    It causes magical contamination when unequipped.
   Stlth:     It makes you less stealthy.
Armour
 o - a +4 plate armour of cold resistance
 r - the cursed +0 pair of boots of Ashenzari's Urgency (worn) {Comp, Fort}
   (You found it on level 3 of the Dungeon)

   It has a curse which improves the following skills: Companions: Summonings
   and Necromancy.
   Fortitude: Armour and Shields.
 F - the cursed +2 pair of gloves "Shackled With Me" (worn) {infuse, Evo, Comp}
   (You bought it in a shop on level 11 of the Dungeon)

   It has a curse which improves the following skills: Evocations: Evocations.
   Companions: Summonings and Necromancy.
 L - the cursed +2 cloak "Chained With Me" (worn) {rCorr, Evo, Self}
   (You found it on level 14 of the Dungeon)

   It has a curse which improves the following skills: Evocations: Evocations.
   Introspection: Fighting and Spellcasting.
 T - the cursed +7 scale mail "Manifest Augurer" (worn) {Int+2, Evo, Fort}
   (You found it on level 5 of the Lair of Beasts)

   Int:       It affects your intelligence (+2).
   It has a curse which improves the following skills: Evocations: Evocations.
   Fortitude: Armour and Shields.
Jewellery
 A - a ring of poison resistance
 H - a ring of positive energy (left hand)
 K - the cursed ring of Apeoromancy (right hand) {rC+ EV+5, Evo, Fort}
   (You bought it in a shop on level 14 of the Dungeon)

   [ring of evasion]

   EV:        It affects your evasion (+5).
   rC:        It protects you from cold.
   It has a curse which improves the following skills: Evocations: Evocations.
   Fortitude: Armour and Shields.
Wands
 g - a wand of roots (10)
 i - a wand of mindburst (20)
 l - a wand of flame (50)
 y - a wand of polymorph (5)
 C - a wand of paralysis (8)
 D - a wand of quicksilver (27)
 G - a wand of digging (4)
Scrolls
 h - 3 scrolls of fog
 j - 4 scrolls of vulnerability {!r}
 k - a scroll of torment {!r}
 n - 3 scrolls of enchant armour
 s - 2 scrolls of amnesia
 t - 6 scrolls of teleportation
 u - 11 scrolls of blinking
 w - 4 scrolls of fear
 M - 2 scrolls of brand weapon
 P - a scroll of poison {!r}
 R - a scroll of silence
Potions
 c - 7 potions of ambrosia
 e - 6 potions of heal wounds {@q2}
 f - 3 potions of curing {@q1}
 m - 4 potions of flight
 p - 4 potions of resistance
 q - 6 potions of brilliance
 x - 5 potions of lignification {!q}
 z - a potion of invisibility
 B - 4 potions of attraction {!q}
 E - 4 potions of magic
 I - 6 potions of haste
 N - 3 potions of berserk rage {!q}
 O - 3 potions of might
 Q - 5 potions of cancellation
 U - 5 potions of mutation {!q}
Miscellaneous
 S - a phial of floods


   Skills:
 - Level 16.9(18.3) Fighting
 - Level 22.0 Long Blades
 - Level 11.9(14.8) Armour
 + Level 15.8 Dodging
 - Level 8.8(12.4) Evocations


You had 13 spell levels left.
You knew the following spells:

 Your Spells              Type           Power      Damage    Failure   Level
a - Blink                 Tloc           0%         N/A       80%         2

Your spell library contained the following spells:

 Spells                   Type           Power      Damage    Failure   Level
 Necrotise                Necr           0%         1d4       63%         1
 Summon Small Mammal      Summ           0%         N/A       63%         1
 Apportation              Tloc           0%         N/A       67%         1
 Magic Dart               Conj           0%         1d3       67%         1
 Shock                    Conj/Air       0%         1d3       67%         1
 Cigotuvi's Dreadful Rot  Necr/Pois/Air  0%         N/A       80%         2
 Lesser Beckoning         Tloc           0%         N/A       80%         2
 Momentum Strike          Conj/Tloc      0%         3d8       80%         2
 Poisonous Vapours        Pois/Air       0%         N/A       80%         2
 Searing Ray              Conj           0%         2d4       80%         2
 Ignite Poison            Fire/Tmut/Pois 0%         N/A       95%         3
 Mephitic Cloud           Conj/Pois/Air  0%         N/A       95%         3
 Ozocubu's Armour         Ice            0%         N/A       95%         3
 Swiftness                Air            0%         N/A       95%         3
 Volatile Blastmotes      Fire/Tloc      0%         2d10      95%         3
 Airstrike                Air            0%         2d(0-16)  100%        4
 Anguish                  Hex/Necr       0%         N/A       100%        4
 Animate Dead             Necr           0%         N/A       100%        4
 Fulminant Prism          Conj/Hex       0%         3d5       100%        4
 Iskenderun's Mystic Bla  Conj/Tloc      0%         2d3       100%        4
 Petrify                  Tmut/Erth      0%         N/A       100%        4
 Summon Ice Beast         Ice/Summ       0%         N/A       100%        4
 Alistair's Intoxication  Tmut/Pois      0%         N/A       100%        5
 Borgnjor's Vile Clutch   Necr/Erth      0%         N/A       100%        5
 Freezing Cloud           Conj/Ice/Air   0%         6-21      100%        5
 Lee's Rapid Deconstruct  Erth           0%         3d4*      100%        5
 Metabolic Englaciation   Hex/Ice        0%         N/A       100%        5
 Summon Mana Viper        Hex/Summ       0%         N/A       100%        5
 Death Channel            Necr           0%         N/A       100%        6
 Statue Form              Tmut/Erth      0%         N/A       100%        6
 Enfeeble                 Hex            0%         N/A       100%        7
 Monstrous Menagerie      Summ           0%         N/A       100%        7
 Ozocubu's Refrigeration  Ice            0%         4d7       100%        7


Dungeon Overview and Level Annotations

Branches:
Dungeon (15/15)            Temple (0/1) D:4            Lair (5/5) D:10
 Shoals (0/4) Lair:2        Snake (2/4) Lair:2        Slime (0/5) Lair:5
    Orc (2/2) D:12            Elf (0/3) Orc:2        Vaults (0/5) D:14
 Depths (0/4) D:15         Bailey (visited)         Volcano (visited)

Altars:
Ashenzari
Dithmenos
Elyvilon
Fedhas
Gozag
Hepliaklqana
Okawaru
Qazlal
Ru
Vehumet
Wu Jian
Xom
The Shining One

Shops:
D:9 :   D:11 *   D:12 ?   D:14 =   Orc:2 *[:(*[[

Annotations:
Orc:1 3 runed translucent doors, confidenceinterval's ghost, journeyman DrHu


Innate Abilities, Weirdness & Mutations

You have a pair of horns on your head.
You reflexively headbutt those who attack you in melee.


Message History

You slash the naga ritualist!
The naga ritualist is moderately wounded.
You feel very sick.
* * * LOW HITPOINT WARNING * * *
You are more poisoned.
The naga ritualist no longer looks unusually toxic.
The nagaraja hits you from afar with a +0 spear.
* * * LOW HITPOINT WARNING * * *
The naga mage completely misses you. The naga ritualist spits poison at you.
The splash of poison misses you. The naga ritualist constricts you.
The nagaraja hits you but does no damage.
Blink to where?
Press: ? - help, Dir - move target You escape the naga ritualist's grasp.
As you read the scroll of blinking, it crumbles to dust.
* * * LOW HITPOINT WARNING * * *
You feel extremely sick.
* * * LOW HITPOINT WARNING * * *
You are lethally poisoned!
You feel better.
The nagaraja no longer looks unusually toxic.
* * * LOW HITPOINT WARNING * * *
You are poisoned.
* * * LOW HITPOINT WARNING * * *
You are more poisoned.
The naga ritualist's toxic aura wanes.
The naga ritualist mumbles some strange prayers to its god.
The naga ritualist begins to radiate toxic energy.
* * * LOW HITPOINT WARNING * * *
You are lethally poisoned!
You feel better.
* * * LOW HITPOINT WARNING * * *
You are poisoned.
The nagaraja spits poison at you. The splash of poison misses you.
The nagaraja gestures at you while chanting.
The poison arrow hits you!!!
You are more poisoned.
You die...

#... * , S....# ... ,
** { N.{... #.# *
{,.{N.., ##.### , {
..N, #....# ####N####
#....## ∆###..N....##
#.....#####N..........
##.##.#))NN.S.........
#.##H..###...........
#.###..#∆###.......## #
##.######{ ####+####
###### #...#..# { ,, ,
.#...#######......#**,,
,, , ,
...........[...#..# , ,
.#...######...##### , ,
, .......####...# *
##...#....#...# ***


You could see a nagaraja (fast), a shock serpent, a naga mage (fast) and a naga
(curare).

Vanquished Creatures
  Jorgrun (Snake:1)
  Kirke (D:15)
  Roxanne (D:15)
  An orc warlord (Orc:2)
  A cacodemon (D:14)
  The ghost of Vosoh the Summoner, a journeyman DrHu of Hepliaklqana (Lair:4)
  A minotaur (D:14)
  A red draconian (Volcano)
  The ghost of Pocluweo the Severer, a journeyman HOFi of the Shining One (D:14)
  Josephine (Orc:2)
  2 ice dragons (D:15)
  9 hydras
  Fannar (Orc:1)
  2 ogre magi
  5 centaur warriors
  A merfolk avatar (Lair:5)
  3 anacondas (Snake:2)
  13 two-headed ogres
  A catoblepas (D:14)
  7 death yaks
  Erica (D:9)
  2 naga warriors (Snake:1)
  A shock serpent (shapeshifter) (D:14)
  3 orc high priests (Orc:2)
  2 naga sharpshooters
  2 shock serpents (Snake:1)
  Sonja (D:11)
  A salamander mystic (Snake:2)
  A death drake (shapeshifter) (D:14)
  3 skysharks
  3 skeletal warriors (D:14)
  A sea snake (Lair:5)
  A glowing orange brain (shapeshifter) (D:14)
  A glowing orange brain (D:14)
  A lindwurm (Lair:5)
  A wizard (D:14)
  2 naga ritualists (Snake:2)
  A harpy (Lair:5)
  11 orc knights
  6 mana vipers
  6 orc sorcerers (Orc:2)
  6 cyclopes
  17 ugly things
  3 salamanders
  7 naga magi
  Maurice (D:10)
  5 slime creatures (D:10)
  A guardian serpent (shapeshifter) (D:14)
  Joseph (D:9)
  20 black mambas
  8 elephants
  2 molten gargoyles (Volcano)
  2 guardian serpents
  2 torpor snails (Lair:5)
  A gargoyle (D:6)
  14 cane toads
  4 kobold demonologists
  An efreet (D:15)
  6 rime drakes
  7 komodo dragons
  Psyche (D:12)
  A yaktaur (shapeshifter) (D:13)
  A freezing wraith (D:15)
  9 meliai
  A wind drake (Lair:5)
  5 trolls
  2 polar bears (Lair:5)
  2 hornets
  Grinder (D:3)
  A tarantella (shapeshifter) (D:15)
  13 blink frogs
  4 dream sheep (Lair:5)
  Sigmund (D:2)
  A shadow (D:9)
  4 vampires
  8 wraiths
  55 yaks
  A spriggan (Lair:1)
  4 humans (Bailey)
  11 wyverns
  A yak (shapeshifter) (D:14)
  Eustachio (D:6)
  A basilisk (D:15)
  A hog (D:15)
  5 fire bats
  A neqoxec (D:14)
  5 steam dragons
  3 wargs (Orc:2)
  16 nagas
  2 acid dragons
  14 water moccasins
  25 orc warriors
  A sky beast (D:6)
  A black bear (D:4)
  5 ice beasts
  7 ogres
  A sky beast (shapeshifter) (D:14)
  14 wolves
  A boggart (shapeshifter) (D:14)
  3 boggarts (D:14)
  8 centaurs
  5 kobold brigands
  Blork the orc (D:4)
  23 bullfrogs
  A scorpion (D:6)
  4 wights (D:9)
  16 killer bees
  A howler monkey (D:4)
  8 crimson imps (D:13)
  8 lava snakes
  5 hounds
  27 orc priests
  A gnoll bouda (D:8)
  Crazy Yiuf (D:2)
  5 sleepcaps
  Jessica (D:3)
  Ijyb (D:3)
  Natasha (thrice) (D:2)
  Terence (D:3)
  7 hell rats (Lair:3)
  3 iguanas
  24 orc wizards
  10 adders
  6 gnolls
  2 shadow imps (D:6)
  3 white imps
  An ufetubus (D:6)
  3 worms
  62 orcs
  12 ball pythons
  2 bats
  9 endoplasms
  4 giant cockroaches
  8 hobgoblins
  7 jackals
  21 kobolds
  6 quokkas
  A frilled lizard (D:3)
  10 goblins
  4 rats
772 creatures vanquished.

Vanquished Creatures (others)
  A bush (Lair:3)
  20 fungi
  27 plants
48 creatures vanquished.

Grand Total: 820 creatures vanquished

Notes
Turn   | Place    | Note
-------+----------+-------------------------------------------
     0 | D:1      | Kenran the Minotaur Monk began the quest for the Orb.
     0 | D:1      | Reached XP level 1. HP: 19/19 MP: 0/0
    37 | D:1      | Reached skill level 4 in Long Blades
   107 | D:1      | Reached XP level 2. HP: 18/26 MP: 1/1
   220 | D:1      | Reached skill level 5 in Long Blades
   371 | D:1      | Reached XP level 3. HP: 26/31 MP: 2/2
   786 | D:2      | Noticed Natasha
   791 | D:2      | Killed Natasha
   909 | D:2      | Noticed Sigmund
   916 | D:2      | Killed Sigmund
   917 | D:2      | Reached skill level 7 in Long Blades
   917 | D:2      | Reached XP level 4. HP: 31/39 MP: 3/3
   917 | D:2      | Reached XP level 5. HP: 36/45 MP: 4/4
   967 | D:2      | Noticed Natasha
   973 | D:2      | Killed Natasha
   974 | D:2      | Reached skill level 8 in Long Blades
  1043 | D:2      | Reached XP level 6. HP: 51/51 MP: 5/5
  1105 | D:2      | Noticed Natasha
  1111 | D:2      | Killed Natasha
  1335 | D:2      | Found a runed translucent door.
  1336 | D:2      | Noticed Crazy Yiuf
  1341 | D:2      | Killed Crazy Yiuf
  1886 | D:3      | Reached skill level 9 in Long Blades
  1892 | D:3      | Found a broken altar of Ashenzari.
  1938 | D:3      | Noticed Grinder
  1948 | D:3      | Killed Grinder
  1949 | D:3      | Reached XP level 7. HP: 57/57 MP: 6/6
  2106 | D:3      | Reached skill level 10 in Long Blades
  2140 | D:3      | Noticed Ijyb
  2151 | D:3      | Killed Ijyb
  2230 | D:3      | Noticed Jessica
  2241 | D:3      | Killed Jessica
  2254 | D:3      | Found an iron altar of Okawaru.
  2378 | D:3      | Noticed Terence
  2389 | D:3      | Killed Terence
  2444 | D:3      | Became a worshipper of Ashenzari the Shackled
  2500 | D:4      | Reached skill level 5 in Fighting
  2758 | D:4      | Noticed Blork the orc
  2770 | D:4      | Reached XP level 8. HP: 68/68 MP: 7/7
  2780 | D:4      | Killed Blork the orc
  2803 | D:4      | Identified the cursed +0 pair of boots of Ashenzari's
                  | Urgency {Comp, Fort} (You found it on level 3 of the
                  | Dungeon)
  2946 | D:4      | Reached skill level 11 in Long Blades
  3159 | D:4      | Found a shimmering altar of Xom.
  3433 | D:4      | Found a staircase to the Ecumenical Temple.
  3535 | D:5      | Entered Level 5 of the Dungeon
  3550 | D:5      | Reached * piety under Ashenzari
  3608 | D:5      | Found a white marble altar of Elyvilon.
  3994 | D:5      | Reached skill level 12 in Long Blades
  4040 | D:5      | Reached ** piety under Ashenzari
  4713 | D:6      | Reached skill level 5 in Dodging
  4726 | D:6      | Reached XP level 9. HP: 81/81 MP: 8/8
  4802 | D:6      | Noticed a troll
  4802 | D:6      | Noticed Eustachio
  4804 | D:6      | Noticed a gargoyle
  4828 | D:6      | Killed Eustachio
  4983 | D:7      | Noticed a two-headed ogre
  4998 | D:7      | Killed a two-headed ogre
  5304 | D:7      | Found a sacrificial altar of Ru.
  5594 | D:6      | Killed a troll
  5612 | D:6      | Killed a gargoyle
  5613 | D:6      | Reached XP level 10. HP: 88/93 MP: 9/9
  6570 | D:8      | Reached skill level 13 in Long Blades
  6593 | D:8      | Found a flagged portal.
  6608 | Bailey   | Entered a bailey
  6786 | Bailey   | Reached skill level 14 in Long Blades
  6862 | Bailey   | Noticed a vault guard
  6981 | Bailey   | Noticed Prince Ribbit
  6981 | Bailey   | Noticed a vault guard
  7380 | D:8      | Noticed a cyclops
  7400 | D:8      | Killed a cyclops
  7401 | D:8      | Reached skill level 15 in Long Blades
  7573 | D:8      | Found a shadowy altar of Dithmenos.
  7702 | D:8      | Reached skill level 10 in Fighting
  8127 | D:9      | Found Douvouloe's Book Boutique.
  8180 | D:9      | Found an opulent altar of Gozag.
  8334 | D:9      | Reached XP level 11. HP: 81/104 MP: 10/10
  8341 | D:9      | Reached skill level 5 in Armour
  8529 | D:9      | Noticed a two-headed ogre
  8549 | D:9      | Killed a two-headed ogre
  8705 | D:9      | Found a hazy altar of Hepliaklqana.
  8709 | D:9      | Found a stormy altar of Qazlal.
  8781 | D:9      | Found an ornate altar of the Wu Jian Council.
  8822 | D:9      | Noticed a soul eater
  9121 | D:9      | Noticed Erica
  9149 | D:9      | Killed Erica
  9264 | D:9      | Noticed Joseph
  9278 | D:9      | Killed Joseph
  9432 | D:9      | Found a blossoming altar of Fedhas.
  9981 | D:10     | Entered Level 10 of the Dungeon
  9985 | D:10     | Found a radiant altar of Vehumet.
  9998 | D:10     | Reached skill level 5 in Evocations
 10023 | D:10     | Noticed Maurice
 10032 | D:10     | Killed Maurice
 10070 | D:10     | Found a staircase to the Lair.
 10283 | D:10     | Found a glowing golden altar of the Shining One.
 10643 | D:10     | Learned a level 2 spell: Blink
 10940 | D:11     | Found Hihics's Assorted Antiques.
 10948 | D:11     | Bought a scroll labelled IGOWOA MOUGIL for 38 gold pieces
 10948 | D:11     | Bought a pair of glowing gloves for 285 gold pieces
 10959 | D:11     | Acquired a +2 triple sword of freezing
 11420 | D:11     | Noticed Sonja
 11427 | D:11     | Killed Sonja
 11428 | D:11     | Reached XP level 12. HP: 110/110 MP: 9/11
 11432 | D:11     | Reached skill level 10 in Dodging
 11596 | D:11     | Found the +3 Mad Mage's Maulers {Infuse+∞ VampMP -Cast}
 12008 | Lair:1   | Entered Level 1 of the Lair of Beasts
 12073 | Lair:1   | Found a dark tunnel.
 12108 | Volcano  | Entered a volcano
 12762 | Volcano  | Found a bloodstained altar of Trog.
 12762 | Volcano  | Noticed a two-headed ogre
 12762 | Volcano  | Noticed an ogre mage
 12762 | Volcano  | Noticed a two-headed ogre
 12762 | Volcano  | Noticed a two-headed ogre
 12764 | Volcano  | Killed a two-headed ogre
 12767 | Volcano  | Killed a two-headed ogre
 12767 | Volcano  | Killed a two-headed ogre
 12767 | Volcano  | Killed an ogre mage
 12823 | Volcano  | Noticed a two-headed ogre
 12826 | Volcano  | Killed a two-headed ogre
 12841 | Volcano  | Noticed a red draconian
 12849 | Volcano  | Killed a red draconian
 13088 | Lair:1   | Identified the +3 leather armour of Fashionability {-Tele
                  | Will- Str+3 Int+7}
 13204 | Lair:1   | Reached skill level 16 in Long Blades
 13728 | Lair:1   | Noticed a death yak
 13738 | Lair:1   | Killed a death yak
 14086 | Lair:2   | Reached XP level 13. HP: 114/122 MP: 0/12
 14260 | Lair:2   | Found a staircase to the Shoals.
 14369 | Lair:2   | Identified the amulet of Obriam {RegenMP Int+4}
 14419 | Lair:2   | Reached skill level 10 in Armour
 14469 | Lair:2   | Found a staircase to the Snake Pit.
 15502 | Lair:3   | Reached skill level 17 in Long Blades
 16978 | Lair:4   | Found a runed translucent gate.
 16978 | Lair:4   | Found a runed translucent gate.
 16978 | Lair:4   | Found a runed translucent gate.
 16978 | Lair:4   | Noticed Vosoh's ghost (journeyman DrHu)
 16978 | Lair:4   | Identified the +9 war axe of the Eight Nightingales {holy,
                  | rF+++ rC- rCorr Stlth-}
 17275 | Lair:4   | Reached skill level 18 in Long Blades
 17693 | Lair:5   | Entered Level 5 of the Lair of Beasts
 18427 | Lair:4   | Reached XP level 14. HP: 135/135 MP: 8/13
 18688 | Lair:5   | Found a staircase to the Slime Pits.
 18759 | Lair:5   | Reached *** piety under Ashenzari
 18986 | Lair:5   | Reached skill level 15 in Fighting
 19787 | Lair:5   | Identified the +7 scale mail "Dalat" {Int+2}
 20516 | Lair:4   | Killed Vosoh's ghost
 20915 | D:12     | Noticed Psyche
 20922 | D:12     | Killed Psyche
 21204 | D:12     | Found a staircase to the Orcish Mines.
 21237 | D:12     | Found Kase's Magic Scroll Emporium.
 21245 | D:12     | Bought 2 scrolls of blinking for 255 gold pieces
 21822 | D:12     | Acquired a +0 vampiric demon blade
 23232 | D:14     | Found a gate to the Vaults.
 23276 | D:14     | Reached XP level 15. HP: 149/149 MP: 1/14
 23482 | D:14     | Found an ornate altar of the Wu Jian Council.
 23520 | D:14     | Found the +11 plutonium sword {Contam Stlth-}
 23562 | D:14     | Found a runed translucent gate.
 23562 | D:14     | Found a runed translucent gate.
 23562 | D:14     | Found a runed translucent gate.
 23732 | D:14     | Found Qupies's Jewellery Boutique.
 23735 | D:14     | Bought the ring of Elyvilon's Favour {rC+ EV+5} for 650
                  | gold pieces
 23769 | D:14     | Found a runed translucent door.
 24203 | D:14     | Found a runed translucent gate.
 24203 | D:14     | Found a runed translucent gate.
 24210 | D:14     | Noticed Pocluweo's ghost (journeyman HOFi)
 24212 | D:14     | Found a runed translucent gate.
 24288 | D:14     | Gained mutation: You are occasionally teleported next to
                  | monsters. [a cacodemon]
 24451 | D:14     | Killed Pocluweo's ghost
 24597 | D:14     | Gained mutation: Your body sometimes deteriorates upon
                  | taking damage. [mutagenic glow]
 24604 | D:14     | Lost mutation: You are occasionally teleported next to
                  | monsters. [potion of mutation]
 24604 | D:14     | Lost mutation: Your body sometimes deteriorates upon taking
                  | damage. [potion of mutation]
 24604 | D:14     | Gained mutation: Your system is resistant to poisons.
                  | (rPois) [potion of mutation]
 24608 | D:14     | Lost mutation: Your system is resistant to poisons. (rPois)
                  | [mutagenic glow]
 24648 | D:15     | Entered Level 15 of the Dungeon
 24857 | D:15     | Found a staircase to the Depths.
 24981 | D:15     | Noticed Kirke
 24992 | D:15     | Killed Kirke
 25584 | D:15     | Noticed Roxanne
 25948 | D:15     | Reached skill level 19 in Long Blades
 26630 | D:15     | Killed Roxanne
 26958 | Snake:1  | Entered Level 1 of the Snake Pit
 27188 | Snake:1  | Found a white marble altar of Elyvilon.
 27559 | Snake:1  | Noticed Jorgrun
 27580 | Snake:1  | Killed Jorgrun
 27581 | Snake:1  | Reached skill level 20 in Long Blades
 28055 | Snake:2  | Noticed a nagaraja
 28235 | Orc:1    | Entered Level 1 of the Orcish Mines
 28377 | Orc:1    | Found a runed translucent gate.
 28377 | Orc:1    | Found a runed translucent gate.
 28377 | Orc:1    | Found a runed translucent gate.
 28379 | Orc:1    | Noticed confidenceinterval's ghost (journeyman DrHu)
 28570 | Orc:1    | Noticed Fannar
 28581 | Orc:1    | Killed Fannar
 28888 | Orc:1    | Found an iron altar of Okawaru.
 28905 | Orc:2    | Entered Level 2 of the Orcish Mines
 28991 | Orc:2    | Noticed Josephine
 29018 | Orc:2    | Killed Josephine
 29152 | Orc:2    | Found Javuecus's General Store.
 29257 | Orc:2    | Reached XP level 16. HP: 150/151 MP: 0/15
 29619 | Orc:2    | Found Pelec's Armour Boutique.
 29622 | Orc:2    | Found Goisov's Armour Emporium.
 29958 | Orc:2    | Found a staircase to the Elven Halls.
 30009 | Orc:2    | Reached skill level 21 in Long Blades
 30049 | Orc:2    | Paralysed by an orc sorcerer for 2 turns
 30731 | Orc:2    | Found Kirucuc's General Store.
 30744 | Orc:2    | Found Pobube's Book Boutique.
 30746 | Orc:2    | Found Pearchic's Antique Armour Boutique.
 30746 | Orc:2    | Found Xirchun's Antique Weapon Shop.
 30763 | Orc:2    | Bought a runed plate armour for 676 gold pieces
 30763 | Orc:2    | Bought a smoking chain mail for 247 gold pieces
 30763 | Orc:2    | Identified the +6 chain mail of Dishonesty {Contam rN++
                  | Int+2} (You bought it in a shop on level 2 of the Orcish
                  | Mines)
 31366 | Snake:2  | Reached skill level 22 in Long Blades
 31385 | Snake:2  | Reached skill level 15 in Dodging
 31863 | Snake:2  | Killed from afar by a nagaraja

Illustrated notes

Levels and vault maps discovered:
D:1:      dpeg_arrival_rooms_a, layout_basic, moated_statue,
          minmay_misc_feat_tiny
D:2:      layout_rooms, uniq_crazy_yiuf_cottage, uniq_sigmund, uniq_natasha
D:3:      layout_loops_ring, okawaru_metal_pillars_3,
          nicolae_ashenzari_panopticon, supply_closet_lemuel, uniq_jessica,
          uniq_terence, uniq_grinder, uniq_ijyb
D:4:      layout_basic, brannock_xom_greatest_gift,
          minmay_temple_entry_proselytizer, uniq_blork_the_orc
D:5:      layout_cave_pools, nicolae_elyvilon_temple_path
D:6:      wad_guarded_room, layout_rooms, uniq_eustachio
D:7:      layout_rooms, nicolae_ru_the_path_less_chosen
D:8:      layout_loops_corners, mainiacjoe_overflow_paths, enter_bailey_4
D:9:      layout_layer_cave, chequers_temple_overflow_statue_of_worship,
          lemuel_round_altar, mainiacjoe_overflow_large_starburst, special_room
          [special_room_orc], serial_shops, shop, uniq_joseph, uniq_erica
D:10:     layout_basic, lemuel_doored_altar, nicolae_vehumet_radiance,
          dpeg_oklobed_lair, uniq_maurice
D:11:     layout_cave_pods, serial_shops, shop, dk_noncrumbling_4, minivault_1,
          uniq_sonja
D:12:     layout_stronghold, orc_0_dummy, serial_shops, shop, uniq_psyche
D:13:     layout_loops_ring, minmay_nine_imps
D:14:     dreamdust_labyrinth, layout_cave_pools, david_vaults_1, serial_shops,
          kennysheep_mini, nzn_wu_jian_contemplation,
          ploomutoo_gammafunk_ghost_potion_laboratory, eino_jars
D:15:     grunt_enter_depths_hoard, layout_loops_corners, grunt_ministairs_10,
          uniq_roxanne, uniq_kirke
Lair:1:   layout_chaotic_city, nicolae_volcano_entry_batcave, ldierk_geyser,
          grunt_forest_large_clearing_hut
Lair:2:   nzn_winding_woodlands_three_and_one
          [nzn_winding_woodlands_5x15_lazy_stream,
          nzn_winding_woodlands_5x15_garden,
          nzn_winding_woodlands_5x15_pathside_ponds,
          nzn_winding_woodlands_center_diamonds], layout_cave_pods,
          shoals_dummy_entry, nicolae_snake_entry_warm_welcome, minmay_holes
Lair:3:   layout_loops_ring
Lair:4:   layout_gridlike, gammafunk_ghost_hydra_chop, serial_bayou_pond_d,
          grunt_megastairs_2
Lair:5:   gammafunk_lair_ancient_temple, layout_gridlike, slime_entry_1,
          st_stairs_5
Snake:1:  layout_rooms, special_room, basic_altar, uniq_jorgrun
Snake:2:  layout_misc_corridors, nicolae_snake_magic_snake_eye, uniq_vashnia
Orc:1:    layout_caves, gammafunk_ghost_fury_of_okawaru, uniq_fannar
Orc:2:    st_orc_congregation, layout_caves, serial_shops, nicolae_shop_crystal,
          guppyfry_orc_lava_fort, uniq_josephine

Skill      XL: |  1  2  3  4  5  6  7  8  9 10 11 12 13 14 15 16 |
---------------+-------------------------------------------------+-----
Long Blades    | 4 5 7 8 9 10 12 15 16 18 20 22 | 22.0
Armour         | 3 4 8 9 11 | 11.9
Fighting       | 5 6 8 10 12 14 16 | 16.9
Dodging        | 5 7 9 11 14 15 | 15.8
Evocations     | 3 6 8 |  8.8

Action                     |  1- 3 |  4- 6 |  7- 9 | 10-12 | 13-15 | 16-18 || total
---------------------------+-------+-------+-------+-------+-------+-------++-------
  Melee: Falchion          |    47 |    77 |   250 |   281 |       |       ||   655
         Headbutt          |     8 |    19 |    72 |   141 |   364 |    83 ||   687
         Scimitar          |       |       |       |   257 |   482 |       ||   739
         Demon blade       |       |       |       |       |   610 |   240 ||   850
         Triple sword      |       |       |       |       |       |   103 ||   103
 Invoke: Curse Item        |       |       |     4 |       |     4 |     1 ||     9
         Shatter the Chain |       |       |       |     1 |     3 |       ||     4
  Evoke: Wand              |       |       |     9 |    14 |     4 |       ||    27
    Use: Potion            |     1 |     1 |     1 |     1 |     3 |     2 ||     9
         Scroll            |       |       |     3 |     1 |     6 |     1 ||    11
   Stab: Paralysed         |       |       |       |     1 |       |       ||     1
 Armour: Robe              |     2 |       |       |       |       |       ||     2
         Leather armour    |     4 |       |       |       |       |       ||     4
         Scale mail        |       |    25 |    59 |    78 |   322 |    76 ||   560
  Dodge: Dodged            |    22 |    27 |   134 |   350 |   906 |   278 ||  1717

Table legend: (Time is in decaauts)
 A = Elapsed time spent in this place.
 B = Non-inter-level travel time spent in this place.
 C = Inter-level travel time spent in this place.
 D = Time resting spent in this place.
 E = Time spent auto-exploring this place.
 F = Levels seen in this place.
 G = Mean time per level.
                   A        B        C        D        E       F      G
               +--------+--------+--------+--------+--------+-----+--------+
         Total |  31209 |  29668 |   1541 |   6711 |  17181 |  26 | 1200.3 |
       Dungeon |  17548 |  16621 |    927 |   2400 |  11231 |  15 | 1169.9 |
          Lair |   7948 |   7473 |    475 |   2070 |   4280 |   5 | 1589.6 |
     Snake Pit |   1863 |   1818 |     45 |    867 |    544 |   2 |  931.5 |
  Orcish Mines |   2542 |   2449 |     93 |    707 |   1125 |   2 | 1271.0 |
        Bailey |    374 |    374 |      0 |    195 |      0 |   1 |  374.0 |
       Volcano |    931 |    931 |      0 |    470 |      0 |   1 |  931.0 |
               +--------+--------+--------+--------+--------+-----+--------+

Top non-repeatable levels by time:
  Lair:4: 2331 daAuts
    D:15: 2117 daAuts
  Lair:5: 1769 daAuts
     D:9: 1700 daAuts
    D:14: 1686 daAuts
     D:6: 1680 daAuts
   Orc:2: 1659 daAuts
  Lair:2: 1615 daAuts
     D:8: 1237 daAuts
    D:12: 1179 daAuts
  Lair:1: 1150 daAuts
    D:11: 1125 daAuts
 Snake:1: 1101 daAuts
  Lair:3: 1081 daAuts
     D:4: 1038 daAuts
